 Dungeon Crawl Stone Soup version 0.31-a0-175-g9f7f995f2b (webtiles) character file.

Game seed: 7487333890986998109

17647 qw the Skirmisher (level 12, -7/77 HPs)
             Began as a Gargoyle Hunter on June 16, 2023.
             Was a High Priest of Okawaru.
             Mangled by a yak (10 damage)
             ... on level 4 of the Lair of Beasts.
             The game lasted 00:04:22 (10223 turns).

qw the Skirmisher (Gargoyle Hunter)                Turns: 10223, Time: 00:04:23

Health: -7/77      AC: 23    Str: 19    XL:     12   Next: 50%
Magic:  19/19      EV: 18    Int:  8    God:    Okawaru [*****.]
Gold:   1628       SH:  0    Dex: 23    Spells: 11/11 levels left

rFire   . . .        Y - +1 orcbow
rCold   + . .        (shield currently unavailable)
rNeg    + + +        g - +0 ring mail "Lelisch" {rN+ Regen+ Int+3}
rPois   inf          o - +3 helmet of Noxious Miracles {rC+ rN+++ Str+3 Int-5}
rElec   +            (no cloak)
rCorr   .            r - +0 pair of gloves
SInv    .            h - +0 pair of boots
Will    .....        l - amulet of faith
Stlth   +++          c - +6 ring of dexterity
HPRegen 1.12/turn    (no ring)
MPRegen 0.16/turn

%: faith
@: about to teleport, heroic
A: sickness immunity, AC +8, negative energy resistance 1, electricity
resistance, torment resistance 1, petrification resistance, fangs 1, MP-powered
wands
a: Renounce Religion, Heroism, Finesse, Duel


You were on level 4 of the Lair of Beasts.
You worshipped Okawaru.
Okawaru was extremely pleased with you.
You visited 3 branches of the dungeon, and saw 13 of its levels.

You collected 1628 gold pieces.


Innate Abilities, Weirdness & Mutations

You are immune to sickness and miasma.
Your stone body is resilient. (AC +8)
You are immune to poison.
You resist negative energy. (rN+)
You are resistant to electric shocks. (rElec)
You are resistant to unholy torment.
You are immune to petrification.
You have very sharp teeth.
You expend magic power (3 MP) to strengthen your wands.


   Skills:
 - Level 10.0(15.0) Fighting
 + Level 14.6(19.6) Ranged Weapons
 - Level 5.1(10.1) Armour
 - Level 5.0(10.0) Dodging
 - Level 1.1(6.1) Stealth
 + Level 9.5 Invocations


You had 11 spell levels left.
You didn't know any spells.
Your spell library was empty.

Inventory:

Hand Weapons
 Y - a +1 orcbow (weapon)
Armour
 g - the +0 ring mail "Lelisch" (worn) {rN+ Regen+ Int+3}
   (You found it on level 2 of the Dungeon)

   Int:       It affects your intelligence (+3).
   rN:        It protects you from negative energy.
   Regen:     It increases your rate of health regeneration.
 h - a +0 pair of boots (worn)
 n - the +1 robe of Fortification {rC+++ Int+4 Dex-5 SInv}
   (You found it on level 2 of the Lair of Beasts)

   Int:       It affects your intelligence (+4).
   Dex:       It affects your dexterity (-5).
   rC:        It renders you almost immune to cold.
   SInv:      It lets you see invisible.
 o - the +3 helmet of Noxious Miracles (worn) {rC+ rN+++ Str+3 Int-5}
   (Okawaru gifted it to you on level 3 of the Lair of Beasts)

   Str:       It affects your strength (+3).
   Int:       It affects your intelligence (-5).
   rC:        It protects you from cold.
   rN:        It renders you almost immune to negative energy.
 r - a +0 pair of gloves (worn)
Jewellery
 c - a +6 ring of dexterity (left hand)
 k - an amulet of reflection
 l - an amulet of faith (around neck)
Scrolls
 f - 9 scrolls of identify
 i - 2 scrolls of teleportation
Potions
 a - 4 potions of curing
 b - a potion of resistance
 d - a potion of haste
 e - 2 potions of might
 m - 2 potions of mutation
 p - a potion of attraction

Dungeon Overview and Level Annotations

Branches:
Dungeon (8/15)             Temple (1/1) D:6            Lair (4/5) D:8
 Shoals (0/4) Lair:3        Snake (0/4) Lair:3
  Slime: Lair:4-5

Altars:
Ashenzari
Cheibriados
Dithmenos
Elyvilon
Fedhas
Gozag
Hepliaklqana
Kikubaaqudgha
Makhleb
Nemelex Xobeh
Okawaru
Qazlal
Ru
Sif Muna
Trog
Uskayaw
Vehumet
Wu Jian
Xom
Yredelemnul
Zin
The Shining One

Annotations:
D:7 1 runed translucent door, Crazy Yiuf


Message History

The yak is severely wounded.
The yak closely misses you. The yak gores you but does no damage.
You shoot an arrow. The arrow hits the yak!
You kill the yak!
Okawaru accepts your kill.
Your surroundings suddenly seem different.
A wyvern and 5 yaks come into view.
Found 5 stones.
The wyvern hisses angrily.
You shoot an arrow. The arrow hits the yak!
The yak is heavily wounded.
The yak bellows!
The yak barely misses you.
You hear a croak.
You shoot an arrow. The arrow hits the yak!
The yak is severely wounded.
The yak gores you but does no damage. The yak misses you.
You shoot an arrow. The arrow completely misses the yak.
A bullfrog comes into view.
You shoot an arrow. The arrow closely misses the yak.
The yak misses you. The yak closely misses you.
The yak gores you but does no damage.
You shoot an arrow. The arrow hits the yak!
The yak is moderately wounded.
The yak gores you. x2; The yak barely misses you.
The yak misses you.
10220 ||| READING 3 scrolls of teleportation.
As you read the scroll of teleportation, it crumbles to dust.
You feel strangely unstable. The yak gores you. The yak misses you. x2
The yak gores you but does no damage.
You shoot an arrow. The arrow hits the yak.
The yak is moderately wounded.
The yak completely misses you. The yak closely misses you. The yak gores you!
The yak misses you.
You shoot an arrow. The arrow hits the yak.
The yak is heavily wounded.
You shoot an arrow. The arrow hits the yak!
The yak is almost dead.
The yak gores you. The yak closely misses you. The yak gores you!
You die...

.... .....
...... ......
###.....#
.P.#...#
......# ##
.<..# ###.#
####.# #Y@# .?#
#..YYYY#
%%......
#...Fl...
..###...
#.#....#....
.## .
...............
..
...............
.. ##.......
..... #.
#.............
##


You could see 5 yaks, a wyvern and a bullfrog.

Vanquished Creatures
  A hydra (Lair:2)
  2 black mambas
  6 cane toads
  5 komodo dragons
  A torpor snail (Lair:2)
  4 rime drakes
  A polar bear (Lair:1)
  10 blink frogs (Lair:3)
  7 dream sheep
  4 wyverns
  17 yaks
  A steam dragon (D:8)
  2 basilisks
  3 nagas (Lair:3)
  11 water moccasins
  A sky beast (D:7)
  5 black bears
  An orc warrior (D:7)
  4 ice beasts
  An ogre (D:7)
  16 wolves
  2 centaurs
  A phantom (D:5)
  8 bullfrogs
  A gnoll sergeant (D:5)
  2 scorpions (D:5)
  A jelly (D:7)
  2 gnoll boudas
  3 orc priests
  3 hounds
  A sleepcap (D:7)
  6 iguanas
  2 orc wizards
  11 gnolls
  6 adders
  A shadow imp (D:6)
  A white imp (D:8)
  An ufetubus (D:5)
  2 dart slugs
  17 orcs
  7 ball pythons
  4 endoplasms
  2 giant cockroaches
  5 goblins
  8 hobgoblins
  9 jackals
  4 kobolds
  6 quokkas
  3 bats
  2 frilled lizards
  6 rats
  A butterfly (D:6)
231 creatures vanquished.

Notes
Turn   | Place    | Note
-------+----------+-------------------------------------------
     0 | D:1      | qw the Gargoyle Hunter began the quest for the Orb.
     0 | D:1      | Reached XP level 1. HP: 12/12 MP: 1/1
     0 | D:1      | 0 ||| qw: Version: 0.2-a-29-g511e9b1
     0 | D:1      | 0 ||| qw: Game counter: 5907
     0 | D:1      | 0 ||| qw: Always use a shield: true
     0 | D:1      | 0 ||| qw: God list: Okawaru
     0 | D:1      | 0 ||| qw: Allow faded altars: false
     0 | D:1      | 0 ||| qw: Do Orc after D:15 true
     0 | D:1      | 0 ||| qw: Do second Lair branch before Depths: true
     0 | D:1      | 0 ||| qw: Lair rune preference: random
     0 | D:1      | 0 ||| qw: Plans: Normal, Zot:1-4, Slime:5, God:TSO, Crypt,
                  | Tomb, Abyss, Pan, Hells, Win
     0 | D:1      | 0 ||| PLANNING D:1-11
   113 | D:1      | Reached XP level 2. HP: 17/17 MP: 2/2
   139 | D:1      | 139 ||| UPGRADING to +3 shortbow.
   140 | D:1      | 140 ||| DROPPING +0 shortbow.
   505 | D:1      | Reached XP level 3. HP: 21/21 MP: 3/3
   633 | D:1      | 633 ||| READING 2 scrolls labelled QISHICR ITAKY.
   634 | D:1      | 634 ||| READING scroll labelled KIFREK XAOPYJ.
   637 | D:1      | 637 ||| READING 2 scrolls labelled ETZAOCW IXITO.
   638 | D:1      | 638 ||| READING scroll labelled MONIAMN KYCAEZXI.
   639 | D:1      | 639 ||| READING scroll labelled UJOTTI REUXE.
   640 | D:1      | 640 ||| READING scroll labelled CAHECO TYIMI.
   641 | D:1      | 641 ||| READING scroll labelled QUFEUNAEWUI.
   659 | D:1      | 659 ||| READING scroll labelled FIM ASHUTTASCH.
   660 | D:1      | 660 ||| DROPPING scroll of butterflies.
   661 | D:1      | 661 ||| DROPPING scroll of blinking.
   755 | D:2      | Identified the +0 ring mail "Lelisch" {rN+ Regen+ Int+3}
   761 | D:2      | Reached skill level 5 in Ranged Weapons
  1042 | D:2      | Reached skill level 3 in Fighting
  1042 | D:2      | Reached XP level 4. HP: 28/28 MP: 4/4
  1113 | D:2      | Found a faded altar of an unknown god.
  1246 | D:2      | 1246 ||| UPGRADING to +0 ring mail "Lelisch" {rN+ Regen+
                  | Int+3}.
  1256 | D:2      | 1256 ||| DROPPING +0 leather armour.
  1257 | D:2      | 1257 ||| UPGRADING to amulet of faith.
  1262 | D:2      | 1262 ||| READING scroll labelled OFUUSE WUMIOP.
  1263 | D:2      | 1263 ||| READING scroll labelled XUMOYPTOUH.
  1264 | D:2      | 1264 ||| READING 3 scrolls of identify.
  1264 | D:2      | 1264 ||| IDENTIFYING sedimented orange potion
  1265 | D:2      | 1265 ||| READING 2 scrolls of identify.
  1265 | D:2      | 1265 ||| IDENTIFYING purple potion
  1266 | D:2      | 1266 ||| DROPPING potion of brilliance.
  1267 | D:2      | 1267 ||| DROPPING potion of invisibility.
  1375 | D:3      | Reached skill level 1 in Armour
  1837 | D:3      | 1837 ||| DRINKING 2 clear potions.
  1838 | D:3      | 1838 ||| DRINKING 2 pink potions.
  1838 | D:3      | Gained mutation: You expend magic power (3 MP) to
                  | strengthen your wands. [potion of mutation]
  1838 | D:3      | Gained mutation: You have very sharp teeth. [potion of
                  | mutation]
  1839 | D:3      | 1839 ||| READING 2 scrolls of identify.
  1839 | D:3      | 1839 ||| IDENTIFYING black potion
  1840 | D:3      | 1840 ||| DROPPING potion of enlightenment.
  2014 | D:4      | Reached XP level 5. HP: 28/32 MP: 5/5
  2023 | D:4      | HP: 7/32 [orc priest/divine providence (14)]
  2024 | D:4      | 2024 ||| READING 3 scrolls of teleportation.
  2479 | D:4      | Reached skill level 6 in Ranged Weapons
  2715 | D:4      | 2715 ||| Stepping ~*~*~tactically~*~*~ (outnumbered).
  2732 | D:4      | Reached XP level 6. HP: 15/38 MP: 6/6
  3066 | D:4      | 3066 ||| UPGRADING to +6 ring of dexterity.
  3067 | D:4      | 3067 ||| READING 2 scrolls of identify.
  3067 | D:4      | 3067 ||| IDENTIFYING smoky clear potion
  3088 | D:5      | Entered Level 5 of the Dungeon
  3266 | D:5      | Reached skill level 7 in Ranged Weapons
  3319 | D:5      | Reached XP level 7. HP: 37/43 MP: 7/7
  3332 | D:5      | Found an opulent altar of Gozag.
  3334 | D:5      | Found a hide-covered altar of Uskayaw.
  3337 | D:5      | Found a burning altar of Makhleb.
  3341 | D:5      | Found a snail-covered altar of Cheibriados.
  3373 | D:5      | Found a shimmering altar of Xom.
  3376 | D:5      | Found an ancient bone altar of Kikubaaqudgha.
  3379 | D:5      | Found a radiant altar of Vehumet.
  3383 | D:5      | Found a stormy altar of Qazlal.
  3384 | D:5      | Found a broken altar of Ashenzari.
  3425 | D:5      | Reached skill level 8 in Ranged Weapons
  3752 | D:5      | Reached XP level 8. HP: 50/50 MP: 8/8
  3787 | D:5      | 3787 ||| DRINKING 2 smoky grey potions.
  3788 | D:5      | 3788 ||| READING 2 scrolls of identify.
  3788 | D:5      | 3788 ||| IDENTIFYING brown potion
  3978 | D:6      | Found a staircase to the Ecumenical Temple.
  3979 | D:6      | 3979 ||| PLANNING TEMPLE
  3979 | D:6      | 3979 ||| READING 2 scrolls of identify.
  3979 | D:6      | 3979 ||| IDENTIFYING fuming dark potion
  3986 | Temple   | Entered the Ecumenical Temple
  3988 | Temple   | 3988 ||| PLANNING OKAWARU WORSHIP
  4044 | Temple   | Became a worshipper of Warmaster Okawaru
  4045 | Temple   | 4045 ||| PLANNING D:1-11
  4599 | D:6      | 4599 ||| UPGRADING to +0 pair of boots.
  4714 | D:7      | 4714 ||| UPGRADING to +0 orcbow.
  4715 | D:7      | 4715 ||| DROPPING +3 shortbow.
  4743 | D:7      | Reached skill level 9 in Ranged Weapons
  4804 | D:7      | Found a runed translucent door.
  4805 | D:7      | Noticed Crazy Yiuf
  4860 | D:7      | Reached skill level 6 in Fighting
  4899 | D:7      | Identified the +10 whip of a bazaar {freeze, Dex+5 Stlth+}
  5011 | D:7      | Reached skill level 3 in Dodging
  5211 | D:7      | Reached * piety under Okawaru
  5343 | D:7      | 5343 ||| INVOKING Heroism.
  5353 | D:7      | Reached skill level 1 in Invocations
  5353 | D:7      | Reached XP level 9. HP: 52/55 MP: 6/10
  5478 | D:7      | Found a shimmering blue altar of Sif Muna.
  5483 | D:7      | Found a sparkling altar of Nemelex Xobeh.
  5755 | D:7      | 5755 ||| UPGRADING to +0 helmet.
  5760 | D:7      | 5760 ||| UPGRADING to +0 pair of gloves.
  5765 | D:7      | 5765 ||| READING scroll labelled VAOHONE XISAGI.
  5765 | D:7      | Identified a scroll of acquirement
  5765 | D:7      | 5765 ||| ACQUIRING 878 gold pieces
  5765 | D:7      | Acquired 878 gold pieces
  5767 | D:7      | 5767 ||| READING scroll labelled AXTACV INOUT.
  5768 | D:7      | 5768 ||| READING 3 scrolls of identify.
  5768 | D:7      | 5768 ||| IDENTIFYING fizzy brown potion
  5769 | D:7      | 5769 ||| DROPPING potion of berserk rage.
  5819 | D:8      | 5819 ||| INVOKING Heroism.
  5822 | D:8      | Noticed a rime drake
  5832 | D:8      | 5832 ||| STAIRDANCE
  5836 | D:7      | 5836 ||| INVOKING Heroism.
  5838 | D:7      | Killed a rime drake
  5838 | D:7      | HP: 12/55 [wolf (3)]
  5839 | D:7      | Reached skill level 3 in Armour
  5839 | D:7      | Reached skill level 3 in Invocations
  5839 | D:7      | 5839 ||| READING 5 scrolls of teleportation.
  5840 | D:7      | 5840 ||| DRINKING 2 potions of heal wounds.
  5874 | D:7      | Reached skill level 10 in Ranged Weapons
  5885 | D:7      | 5885 ||| INVOKING Heroism.
  6007 | D:8      | 6007 ||| INVOKING Heroism.
  6023 | D:8      | Found a staircase to the Lair.
  6047 | D:8      | 6047 ||| Stepping ~*~*~tactically~*~*~ (outnumbered).
  6049 | D:8      | 6049 ||| Stepping ~*~*~tactically~*~*~ (outnumbered).
  6086 | D:8      | Reached ** piety under Okawaru
  6171 | D:8      | 6171 ||| INVOKING Heroism.
  6195 | D:8      | 6195 ||| INVOKING Heroism.
  6203 | D:8      | 6203 ||| Stepping ~*~*~tactically~*~*~ (cloud).
  6480 | D:8      | 6480 ||| PLANNING LAIR
  6480 | D:8      | 6480 ||| READING scroll labelled JUKHLE YNYNE.
  6499 | Lair:1   | Entered Level 1 of the Lair of Beasts
  6499 | Lair:1   | Noticed a cane toad
  6500 | Lair:1   | 6500 ||| INVOKING Heroism.
  6509 | Lair:1   | Killed a cane toad
  6510 | Lair:1   | Reached skill level 11 in Ranged Weapons
  6510 | Lair:1   | Reached XP level 10. HP: 61/63 MP: 11/13
  6564 | Lair:1   | 6564 ||| INVOKING Heroism.
  6746 | Lair:1   | Noticed a cane toad
  6747 | Lair:1   | 6747 ||| INVOKING Heroism.
  6754 | Lair:1   | Killed a cane toad
  6822 | Lair:1   | 6822 ||| INVOKING Heroism.
  6834 | Lair:1   | HP: 16/64 [polar bear (11)]
  6835 | Lair:1   | 6835 ||| READING 5 scrolls of teleportation.
  6836 | Lair:1   | 6836 ||| DRINKING potion of heal wounds.
  6970 | Lair:1   | Reached skill level 12 in Ranged Weapons
  6975 | Lair:1   | Reached *** piety under Okawaru
  6977 | Lair:1   | 6977 ||| INVOKING Heroism.
  6986 | Lair:1   | HP: 11/64 [yak (8)]
  6987 | Lair:1   | 6987 ||| READING 4 scrolls of teleportation.
  6987 | Lair:1   | HP: 4/64 [yak (8)]
  7009 | Lair:1   | 7009 ||| INVOKING Heroism.
  7208 | Lair:1   | 7208 ||| INVOKING Heroism.
  7225 | Lair:1   | Reached skill level 13 in Ranged Weapons
  7445 | Lair:1   | Noticed a black mamba
  7446 | Lair:1   | 7446 ||| INVOKING Heroism.
  7453 | Lair:1   | Killed a black mamba
  7454 | Lair:1   | Reached XP level 11. HP: 68/69 MP: 11/14
  7951 | Lair:1   | Reached skill level 9 in Fighting
  8172 | Lair:2   | 8172 ||| INVOKING Heroism.
  8266 | Lair:2   | 8266 ||| INVOKING Heroism.
  8356 | Lair:2   | 8356 ||| INVOKING Heroism.
  8368 | Lair:2   | Reached **** piety under Okawaru
  8375 | Lair:2   | Noticed a six-headed hydra
  8378 | Lair:2   | 8378 ||| INVOKING Heroism.
  8389 | Lair:2   | Killed a six-headed hydra
  8471 | Lair:2   | 8471 ||| INVOKING Heroism.
  8492 | Lair:2   | 8492 ||| INVOKING Heroism.
  8497 | Lair:2   | Reached skill level 14 in Ranged Weapons
  8497 | Lair:2   | Reached skill level 6 in Invocations
  8591 | Lair:2   | 8591 ||| INVOKING Heroism.
  8617 | Lair:2   | Identified the +14 chain mail of Courage {Fly Str+5 Dex+3}
  8723 | Lair:2   | Reached ***** piety under Okawaru
  8746 | Lair:2   | 8746 ||| INVOKING Heroism.
  9020 | Lair:2   | Identified the +1 robe of Fortification {rC+++ Int+4 Dex-5
                  | SInv}
  9394 | Lair:2   | 9394 ||| UPGRADING to +1 helmet.
  9404 | Lair:2   | 9404 ||| DROPPING +0 helmet.
  9424 | Lair:3   | 9424 ||| INVOKING Heroism.
  9451 | Lair:3   | 9451 ||| STAIRDANCE
  9476 | Lair:3   | Found a staircase to the Shoals.
  9542 | Lair:3   | Reached XP level 12. HP: 76/76 MP: 17/17
  9639 | Lair:3   | 9639 ||| INVOKING Heroism.
  9654 | Lair:3   | Identified the +3 helmet of Noxious Miracles {rC+ rN+++
                  | Str+3 Int-5} (Okawaru gifted it to you on level 3 of the
                  | Lair of Beasts)
  9654 | Lair:3   | Received a gift from Okawaru
  9678 | Lair:3   | 9678 ||| INVOKING Heroism.
  9752 | Lair:3   | 9752 ||| INVOKING Heroism.
  9835 | Lair:3   | Found a staircase to the Snake Pit.
  9978 | Lair:3   | 9978 ||| INVOKING Heroism.
  9987 | Lair:3   | Reached skill level 9 in Invocations
 10135 | Lair:3   | 10135 ||| UPGRADING to +3 helmet of Noxious Miracles {rC+
                  | rN+++ Str+3 Int-5}.
 10145 | Lair:3   | 10145 ||| DROPPING +1 helmet.
 10146 | Lair:3   | 10146 ||| READING 10 scrolls of identify.
 10146 | Lair:3   | 10146 ||| IDENTIFYING murky brown potion
 10192 | Lair:4   | 10192 ||| INVOKING Heroism.
 10210 | Lair:4   | HP: 19/77 [yak (9)]
 10211 | Lair:4   | 10211 ||| READING 4 scrolls of teleportation.
 10219 | Lair:4   | HP: 15/77 [yak (6)]
 10220 | Lair:4   | 10220 ||| READING 3 scrolls of teleportation.
 10221 | Lair:4   | HP: 7/77 [yak (9)]
 10223 | Lair:4   | HP: 3/77 [yak (6)]
 10223 | Lair:4   | Mangled by a yak

Levels and vault maps discovered:
D:1:      mushboom_english_gardens, layout_basic, solitary_fountain
D:2:      layout_loops_ring, shapermc_ecumenical_altar_mp_highgroup
D:3:      layout_basic
D:4:      layout_layer_cave, serial_bayou_lagoon_a
D:5:      layout_basic, nicolae_overflow_hallway_of_the_gods,
          chequers_serial_rivers_small_a
D:6:      layout_loops_ring, minmay_temple_entry_butterflies, serial_rivers,
          chequers_serial_rivers_room_a, chequers_serial_rivers_small_b,
          chequers_serial_rivers_marsh, chequers_serial_rivers_micro_a,
          chequers_serial_rivers_room_a
D:7:      layout_layer_cave, mainiacjoe_overflow_big_doors,
          uniq_crazy_yiuf_cottage
D:8:      layout_cave_pools, hellmonk_lair_entry_icy
Temple:   nicolae_temple_ecumenical_triangle
Lair:1:   layout_layer_cave, serial_forest, infiniplex_forest_straight_4,
          infiniplex_forest_lined_2, infiniplex_forest_lined_3,
          infiniplex_forest_straight_3, serial_bayou_shore_b
Lair:2:   layout_layer_cave, grunt_megastairs_2
Lair:3:   layout_cave_shapes, shoals_dummy_entry, nicolae_snake_entry_squirm,
          pdpol_lair_neglected_garden, eino_small_chamber_without_monster,
          serial_bayou_shore_b
Lair:4:   layout_layer_cave, hellmonk_ghost_happy_afterlife,
          nzn_sisyphean_effort, uniq_sonja

Skill      XL: |  1  2  3  4  5  6  7  8  9 10 11 12 |
---------------+-------------------------------------+-----
Ranged Weapons | 5 6 7 8 9 11 13 14 | 14.6
Fighting       | 3 4 5 6 7 8 9 10 | 10.0
Armour         | 1 2 3 4 5 |  5.1
Dodging        | 2 3 4 5 |  5.0
Invocations    | 1 4 7 9 |  9.5
Stealth        | |  1.1

Action                     |  1- 3 |  4- 6 |  7- 9 | 10-12 || total
---------------------------+-------+-------+-------+-------++-------
   Fire: Shortbow          |    90 |   185 |   105 |       ||   380
         Orcbow            |       |       |   154 |   535 ||   689
 Invoke: Heroism           |       |       |     8 |    21 ||    29
    Use: Scroll            |     8 |     7 |     7 |     5 ||    27
         Potion            |       |     2 |     2 |     1 ||     5
 Armour: Leather armour    |    14 |       |       |       ||    14
         Ring mail         |       |    44 |    97 |   182 ||   323
  Dodge: Dodged            |    21 |    54 |   126 |   347 ||   548

Table legend:
 A = Non-vault XP
 B = Vault XP
 C = Vault XP percentage of total XP
 D = Non-vault monster count
 E = Vault monster count
 F = Vault count percentage of total count
                 A         B        C        D         E       F
            +---------+---------+-------+---------+---------+-------
      Total |   21033 |    4177 |  16.6 |     212 |      18 |   7.8
            +---------+---------+-------+---------+---------+-------
        D:1 |      34 |       0 |   0.0 |      20 |       0 |   0.0
        D:2 |      78 |       0 |   0.0 |      17 |       0 |   0.0
        D:3 |      37 |       0 |   0.0 |      18 |       0 |   0.0
        D:4 |     186 |       0 |   0.0 |      22 |       0 |   0.0
        D:5 |     969 |       0 |   0.0 |      24 |       0 |   0.0
        D:6 |     153 |       0 |   0.0 |       4 |       0 |   0.0
        D:7 |    1011 |     800 |  44.2 |      14 |       5 |  26.3
        D:8 |     818 |     250 |  23.4 |      11 |       2 |  15.4
     Lair:1 |    5294 |       0 |   0.0 |      26 |       0 |   0.0
     Lair:2 |    3935 |    2635 |  40.1 |      21 |       8 |  27.6
     Lair:3 |    7367 |     492 |   6.3 |      30 |       3 |   9.1
     Lair:4 |    1151 |       0 |   0.0 |       5 |       0 |   0.0
            +---------+---------+-------+---------+---------+-------
